TOP OF THE 1ST |
Wisconsin Rapids Rangers batting - Pitching for Plumstead Eagles : RHP Chris Jennings
|
Pitching: RHP Chris Jennings
|
|
Batting: RHB Aurelio Cruz
|
0-0: Ball 1-0: Swinging Strike 1-1: Ball 2-1: Ground out 1-3 (Groundball, 13S)
|
Batting: LHB Ronald Gordon
|
0-0: Ball 1-0: Foul Ball, location: 2F 1-1: Foul Ball, location: 2F 1-2: Ground out 6-3 (Groundball, 6)
|
Batting: RHB Eric Thompson
|
0-0: Called Strike 0-1: Ball 1-1: Ball 2-1: Called Strike 2-2: Hit by Pitch
|
Batting: RHB Jesús Cabrera
|
0-0: Ball Eric Thompson is caught stealing 2nd base
|
Top of the 1st over - 0 run(s), 0 hit(s), 0 error(s), 0 left on base; Wisconsin Rapids 0 - Plumstead 0 |
BOTTOM OF THE 1ST |
Plumstead Eagles batting - Pitching for Wisconsin Rapids Rangers : RHP Juan Contreras
|
Pitching: RHP Juan Contreras
|
|
Batting: SHB Arturo Sánchez
|
0-0: SINGLE (Groundball, 56D)
|
Batting: RHB Ethan Moore
|
0-0: Ball 1-0: Called Strike 1-1: Ball 2-1: Fly out, F9 (Flyball, 9LS)
|
Batting: LHB António Salazar
|
0-0: Ball 1-0: Ball 2-0: Called Strike 2-1: Ball 3-1: Fly out, F8 (Flyball, 89XD)
|
Batting: RHB Juan Caceres
|
0-0: Ball Arturo Sánchez steals 2nd base 1-0: Ball 2-0: Ball 3-0: Called Strike 3-1: Foul Ball, location: 2F 3-2: SINGLE (Flyball, 89S) Arturo Sánchez to third Arturo Sánchez scores
|
Batting: RHB Kolomon Meise
|
0-0: Ball 1-0: Foul Ball, location: 2F 1-1: Swinging Strike 1-2: Foul Ball, location: 2F 1-2: Strikes out swinging
|
Bottom of the 1st over - 1 run(s), 2 hit(s), 0 error(s), 1 left on base; Wisconsin Rapids 0 - Plumstead 1 |
TOP OF THE 2ND |
Wisconsin Rapids Rangers batting - Pitching for Plumstead Eagles : RHP Chris Jennings
|
Batting: RHB Jesús Cabrera
|
0-0: Called Strike 0-1: Ball 1-1: Foul Ball, location: 2F 1-2: Ball 2-2: SINGLE (Line Drive, 56)
|
Batting: RHB Juan García
|
0-0: Ball 1-0: Called Strike 1-1: Foul Ball, location: 2F 1-2: Ball 2-2: Ball 3-2: Foul Ball, location: 2F 3-2: Foul Ball, location: 2F 3-2: Reached on error, E4 (Groundball, 4) Jesús Cabrera to second
|
Batting: RHB Miguel Toro
|
0-0: Called Strike 0-1: Ball 1-1: Foul Ball, location: 2F 1-2: Ball 2-2: Foul Ball, location: 2F 2-2: Ball 3-2: Base on Balls Jesús Cabrera to third Juan García to second
|
Batting: LHB Ralph Cobb
|
0-0: Called Strike 0-1: Swinging Strike 0-2: Strikes out looking
|
Batting: SHB José González
|
0-0: Foul Ball, location: 2F 0-1: Foul Ball, location: 2F 0-2: Strikes out swinging
|
Batting: LHB Javier Mejía
|
0-0: Swinging Strike 0-1: Ball 1-1: Called Strike 1-2: Ball 2-2: Strikes out swinging
|
Top of the 2nd over - 0 run(s), 1 hit(s), 1 error(s), 3 left on base; Wisconsin Rapids 0 - Plumstead 1 |
BOTTOM OF THE 2ND |
Plumstead Eagles batting - Pitching for Wisconsin Rapids Rangers : RHP Juan Contreras
|
Batting: RHB Jeff Townsley
|
0-0: Called Strike 0-1: Ball 1-1: Ball 2-1: Ball 3-1: SINGLE (Groundball, 4M) (infield hit)
|
Batting: RHB Howard Johnson
|
0-0: Ball 1-0: Foul Ball, location: 2F 1-1: Called Strike 1-2: Strikes out looking
|
Batting: RHB José Moreno
|
0-0: Called Strike 0-1: Ball 1-1: Called Strike 1-2: Strikes out looking
|
Batting: RHB Carlos Palomón
|
0-0: Called Strike Jeff Townsley steals 2nd base 0-1: Ball 1-1: Foul Ball, location: 2F 1-2: Fly out, F8 (Line Drive, 89M)
|
Bottom of the 2nd over - 0 run(s), 1 hit(s), 0 error(s), 1 left on base; Wisconsin Rapids 0 - Plumstead 1 |
TOP OF THE 3RD |
Wisconsin Rapids Rangers batting - Pitching for Plumstead Eagles : RHP Chris Jennings
|
Batting: RHB Aurelio Cruz
|
0-0: Foul Ball, location: 2F 0-1: Ball 1-1: Swinging Strike 1-2: Foul Ball, location: 2F 1-2: Ground out 4-3 (Groundball, 4)
|
Batting: LHB Ronald Gordon
|
0-0: Ball 1-0: Called Strike 1-1: Ball 2-1: Swinging Strike 2-2: Strikes out looking
|
Batting: RHB Eric Thompson
|
0-0: SINGLE (Line Drive, 4M)
|
Batting: RHB Jesús Cabrera
|
0-0: SINGLE (Flyball, 7LM) Eric Thompson to second
|
Batting: RHB Juan García
|
0-0: Ball 1-0: Ball 2-0: Ball 3-0: Called Strike 3-1: SINGLE (Groundball, 34D) Eric Thompson to third Jesús Cabrera to second Runner from 3rd tries for Home, SAFE, no throw
|
Batting: RHB Miguel Toro
|
0-0: Ball 1-0: Called Strike 1-1: Ball 2-1: Ground out 6-3 (Groundball, 6S)
|
Top of the 3rd over - 1 run(s), 3 hit(s), 0 error(s), 2 left on base; Wisconsin Rapids 1 - Plumstead 1 |
BOTTOM OF THE 3RD |
Plumstead Eagles batting - Pitching for Wisconsin Rapids Rangers : RHP Juan Contreras
|
Batting: SHB Arturo Sánchez
|
0-0: Ball 1-0: Ball 2-0: Called Strike 2-1: Swinging Strike 2-2: Strikes out swinging
|
Batting: RHB Ethan Moore
|
0-0: Ground out 1-3 (Groundball, 13S)
|
Batting: LHB António Salazar
|
0-0: Ground out 4-3 (Groundball, 4)
|
Bottom of the 3rd over - 0 run(s), 0 hit(s), 0 error(s), 0 left on base; Wisconsin Rapids 1 - Plumstead 1 |
TOP OF THE 4TH |
Wisconsin Rapids Rangers batting - Pitching for Plumstead Eagles : RHP Chris Jennings
|
Batting: LHB Ralph Cobb
|
0-0: Ball 1-0: Foul Ball, location: 2F 1-1: Bunted foul 1-2: Foul Ball, location: 2F 1-2: Ground out 4-3 (Groundball, 4)
|
Batting: SHB José González
|
0-0: Swinging Strike 0-1: Foul Ball, location: 2F 0-2: Ball 1-2: Strikes out swinging
|
Batting: LHB Javier Mejía
|
0-0: Called Strike 0-1: Ball 1-1: Called Strike 1-2: Ground out 3-1 (Groundball, 34S)
|
Top of the 4th over - 0 run(s), 0 hit(s), 0 error(s), 0 left on base; Wisconsin Rapids 1 - Plumstead 1 |
BOTTOM OF THE 4TH |
Plumstead Eagles batting - Pitching for Wisconsin Rapids Rangers : RHP Juan Contreras
|
Batting: RHB Juan Caceres
|
0-0: Ball 1-0: Foul Ball, location: 2F 1-1: Foul Ball, location: 2F 1-2: Fly out, F9 (Flyball, 9)
|
Batting: RHB Kolomon Meise
|
0-0: Ball 1-0: Ball 2-0: Called Strike 2-1: Called Strike 2-2: Ball 3-2: Base on Balls
|
Batting: RHB Jeff Townsley
|
0-0: Ball 1-0: Ball 2-0: Ball 3-0: Called Strike 3-1: Fly out, F8 (Flyball, 8LM)
|
Batting: RHB Howard Johnson
|
0-0: Called Strike 0-1: Ball 1-1: Ball 2-1: Ball 3-1: Base on Balls Kolomon Meise to second
|
Batting: RHB José Moreno
|
0-0: Ball 1-0: Fly out, F4 (Popup, 4)
|
Bottom of the 4th over - 0 run(s), 0 hit(s), 0 error(s), 2 left on base; Wisconsin Rapids 1 - Plumstead 1 |
TOP OF THE 5TH |
Wisconsin Rapids Rangers batting - Pitching for Plumstead Eagles : RHP Chris Jennings
|
Batting: RHB Aurelio Cruz
|
0-0: Called Strike 0-1: Ball 1-1: Swinging Strike 1-2: Ball 2-2: Fly out, F4 (Line Drive, 4)
|
Pitching: RHP Manny Ramos
|
|
Batting: LHB Ronald Gordon
|
0-0: Foul Ball, location: 2F 0-1: Called Strike 0-2: Strikes out swinging
|
Batting: RHB Eric Thompson
|
0-0: Called Strike 0-1: SINGLE (Flyball, 8RS)
|
Batting: RHB Jesús Cabrera
|
0-0: Called Strike 0-1: Swinging Strike 0-2: Strikes out swinging
|
Top of the 5th over - 0 run(s), 1 hit(s), 0 error(s), 1 left on base; Wisconsin Rapids 1 - Plumstead 1 |
BOTTOM OF THE 5TH |
Plumstead Eagles batting - Pitching for Wisconsin Rapids Rangers : RHP Juan Contreras
|
Batting: RHB Carlos Palomón
|
0-0: Ground out 1-3 (Groundball, 13S)
|
Batting: SHB Arturo Sánchez
|
0-0: Called Strike 0-1: Fly out, F8 (Flyball, 8LM)
|
Batting: RHB Ethan Moore
|
0-0: Ball 1-0: Foul Ball, location: 2F 1-1: Called Strike 1-2: Foul Ball, location: 2F 1-2: Strikes out swinging
|
Bottom of the 5th over - 0 run(s), 0 hit(s), 0 error(s), 0 left on base; Wisconsin Rapids 1 - Plumstead 1 |
TOP OF THE 6TH |
Wisconsin Rapids Rangers batting - Pitching for Plumstead Eagles : RHP Manny Ramos
|
Batting: RHB Juan García
|
0-0: Foul Ball, location: 2F 0-1: Ball 1-1: Swinging Strike 1-2: Ball 2-2: Strikes out looking
|
Batting: RHB Miguel Toro
|
0-0: Ball 1-0: Ball 2-0: Called Strike 2-1: Ground out 5-3 (Groundball, 5)
|
Batting: LHB Ralph Cobb
|
0-0: Ball 1-0: Called Strike 1-1: Swinging Strike 1-2: Ground out 6-3 (Groundball, 6D)
|
Top of the 6th over - 0 run(s), 0 hit(s), 0 error(s), 0 left on base; Wisconsin Rapids 1 - Plumstead 1 |
BOTTOM OF THE 6TH |
Plumstead Eagles batting - Pitching for Wisconsin Rapids Rangers : RHP Juan Contreras
|
Batting: LHB António Salazar
|
0-0: Ball 1-0: Called Strike 1-1: Ball 2-1: Foul Ball, location: 2F 2-2: Ball 3-2: Foul Ball, location: 2F 3-2: Foul Ball, location: 2F 3-2: Base on Balls
|
Pitching: LHP William Bazley
|
|
Batting: RHB Juan Caceres
|
0-0: Called Strike 0-1: Ball 1-1: Ball 2-1: Swinging Strike 2-2: Ball 3-2: Base on Balls António Salazar to second
|
Batting: RHB Kolomon Meise
|
0-0: Called Strike 0-1: Called Strike 0-2: Ball 1-2: Ball 2-2: Foul Ball, location: 2F 2-2: Foul Ball, location: 2F 2-2: SINGLE (Line Drive, 4MD) António Salazar to third Juan Caceres to second Runner from 3rd tries for Home, throw and OUT! Juan Caceres to third Kolomon Meise to second
|
Batting: RHB Jeff Townsley
|
0-0: Intentional Walk
|
Batting: RHB Howard Johnson
|
0-0: Ball 1-0: Ball 2-0: Foul Ball, location: 2F 2-1: Ball 3-1: Base on Balls Juan Caceres scores Kolomon Meise to third Jeff Townsley to second
|
Batting: RHB José Moreno
|
0-0: SINGLE (Line Drive, 6MD) Kolomon Meise scores Jeff Townsley to third Howard Johnson to second Runner from 3rd tries for Home, SAFE, no throw
|
Pitching: LHP Sam Olson
|
|
Batting: RHB Carlos Palomón
|
0-0: Ball 1-0: Fly out, F4 (Line Drive, 4)
|
Batting: SHB Arturo Sánchez
|
0-0: Ball 1-0: Called Strike 1-1: Ball 2-1: 3-RUN HOME RUN (Flyball, 78XD), Distance : 385 ft
|
Batting: RHB Ethan Moore
|
0-0: Called Strike 0-1: SINGLE (Flyball, 9LS)
|
Batting: LHB António Salazar
|
0-0: Ball Wild Pitch! Ethan Moore to second 1-0: Called Strike 1-1: Ball 2-1: Fly out, F8 (Flyball, 8LM)
|
Bottom of the 6th over - 6 run(s), 4 hit(s), 0 error(s), 1 left on base; Wisconsin Rapids 1 - Plumstead 7 |
TOP OF THE 7TH |
Wisconsin Rapids Rangers batting - Pitching for Plumstead Eagles : RHP Manny Ramos
|
Batting: SHB José González
|
0-0: Called Strike 0-1: Ball 1-1: Foul Ball, location: 2F 1-2: Ball 2-2: Strikes out looking
|
Batting: LHB Javier Mejía
|
0-0: Swinging Strike 0-1: SINGLE (Line Drive, 9S)
|
Batting: RHB Aurelio Cruz
|
0-0: Ball 1-0: Ball 2-0: Called Strike 2-1: Swinging Strike 2-2: Ball 3-2: Base on Balls Javier Mejía to second
|
Batting: LHB Ronald Gordon
|
0-0: Fly out, F7 (Flyball, 7LSF)
|
Batting: RHB Eric Thompson
|
0-0: Ball 1-0: Fly out, F7 (Flyball, 7D)
|
Top of the 7th over - 0 run(s), 1 hit(s), 0 error(s), 2 left on base; Wisconsin Rapids 1 - Plumstead 7 |
BOTTOM OF THE 7TH |
Plumstead Eagles batting - Pitching for Wisconsin Rapids Rangers : LHP Sam Olson
|
Batting: RHB Juan Caceres
|
0-0: Called Strike 0-1: SINGLE (Groundball, 5D)
|
Batting: RHB Kolomon Meise
|
0-0: Called Strike 0-1: Called Strike 0-2: Strikes out swinging
|
Batting: RHB Jeff Townsley
|
0-0: Foul Ball, location: 2F 0-1: Ball 1-1: Ball 2-1: Ball 3-1: Swinging Strike 3-2: Base on Balls Juan Caceres to second
|
Batting: RHB Howard Johnson
|
0-0: SINGLE (Flyball, 9LS) Juan Caceres to third Jeff Townsley to second
|
Batting: RHB José Moreno
|
0-0: Called Strike 0-1: Called Strike 0-2: Ball 1-2: Strikes out swinging
|
Batting: RHB Carlos Palomón
|
0-0: Called Strike 0-1: Foul Ball, location: 2F 0-2: Hit by Pitch Juan Caceres scores Jeff Townsley to third Howard Johnson to second
|
Batting: SHB Arturo Sánchez
|
0-0: Ball 1-0: SINGLE (Flyball, 9LS) Jeff Townsley scores Howard Johnson to third Carlos Palomón to second Runner from 3rd tries for Home, SAFE, no throw
|
Pitching: RHP Valentín Mejía
|
|
Batting: RHB Ethan Moore
|
0-0: Foul Ball, location: 2F 0-1: Swinging Strike 0-2: Ball 1-2: Strikes out swinging
|
Bottom of the 7th over - 3 run(s), 3 hit(s), 0 error(s), 2 left on base; Wisconsin Rapids 1 - Plumstead 10 |
TOP OF THE 8TH |
Wisconsin Rapids Rangers batting - Pitching for Plumstead Eagles : RHP Manny Ramos
|
Now at 1B: Wilson Durán
|
|
Batting: RHB Jesús Cabrera
|
0-0: Ball 1-0: Ball 2-0: Foul Ball, location: 2F 2-1: Ball 3-1: Foul Ball, location: 2F 3-2: Foul Ball, location: 2F 3-2: Foul Ball, location: 2F 3-2: SINGLE (Line Drive, 5)
|
Pitching: RHP Cory Powell
|
|
Batting: RHB Juan García
|
0-0: Grounds into double play, 6-4-3 (Groundball, 6M)
|
Batting: RHB Miguel Toro
|
0-0: Swinging Strike 0-1: Ball 1-1: Ball 2-1: Foul Ball, location: 2F 2-2: Ball 3-2: Strikes out looking
|
Top of the 8th over - 0 run(s), 1 hit(s), 0 error(s), 0 left on base; Wisconsin Rapids 1 - Plumstead 10 |
BOTTOM OF THE 8TH |
Plumstead Eagles batting - Pitching for Wisconsin Rapids Rangers : RHP Valentín Mejía
|
Batting: LHB António Salazar
|
0-0: Called Strike 0-1: Ball 1-1: Fly out, F6 (Line Drive, 6)
|
Batting: RHB Juan Caceres
|
0-0: Ball 1-0: Ball 2-0: Ball 3-0: Base on Balls
|
Batting: RHB Kolomon Meise
|
0-0: Foul Ball, location: 2F 0-1: Foul Ball, location: 2F 0-2: Ball 1-2: Strikes out swinging
|
Batting: RHB Jeff Townsley
|
0-0: Ball 1-0: Called Strike 1-1: Called Strike 1-2: Ball 2-2: Ball 3-2: Strikes out swinging
|
Bottom of the 8th over - 0 run(s), 0 hit(s), 0 error(s), 1 left on base; Wisconsin Rapids 1 - Plumstead 10 |
TOP OF THE 9TH |
Wisconsin Rapids Rangers batting - Pitching for Plumstead Eagles : RHP Cory Powell
|
Batting: LHB Ralph Cobb
|
0-0: Called Strike 0-1: Foul Ball, location: 2F 0-2: Ball 1-2: Ball 2-2: Ball 3-2: Foul Ball, location: 2F 3-2: SINGLE (Groundball, 34D)
|
Batting: SHB José González
|
0-0: Swinging Strike 0-1: Ball 1-1: Called Strike 1-2: Strikes out swinging
|
Batting: LHB Javier Mejía
|
0-0: Ball 1-0: Ball 2-0: Foul Ball, location: 2F 2-1: SINGLE (Groundball, 4MD) Ralph Cobb to second
|
Batting: RHB Aurelio Cruz
|
0-0: Ball 1-0: Called Strike 1-1: Ball 2-1: Called Strike 2-2: Strikes out swinging
|
Batting: LHB Ronald Gordon
|
0-0: Called Strike 0-1: Foul Ball, location: 2F 0-2: Foul Ball, location: 2F 0-2: Fielders Choice at 2nd, 4-6 (Groundball, 4)
|
Top of the 9th over - 0 run(s), 2 hit(s), 0 error(s), 1 left on base; Wisconsin Rapids 1 - Plumstead 10 |
|